 Dungeon Crawl Stone Soup version 0.31-a0-841-g038b102fc3 (webtiles) character file.

Game seed: 4375628320825471462

83 Kurtz the Chopper (level 4, -11/31 HPs)
             Began as an Octopode Fighter on Sept 27, 2023.
             Was an Initiate of Gozag.
             Killed by an exploding goblin (12 damage)
             ... ignited by their inner flame
             ... on level 3 of the Dungeon.
             The game lasted 00:01:38 (2170 turns).

Kurtz the Chopper (Octopode Fighter)                Turns: 2170, Time: 00:01:39

Health: -11/31     AC:  1    Str: 15    XL:     4   Next: 44%
Magic:  4/4        EV: 13    Int: 10    God:    Gozag
Gold:   103        SH:  4    Dex: 13    Spells: 3/3 levels left

rFire   + . .        a - +0 war axe
rCold   + . .        b - +0 buckler
rNeg    . . .        (helmet restricted)
rPois   +            (no amulet)
rElec   +            g - ring of flight
rCorr   +            n - ring of see invisible
SInv    +            (no ring)
Will    .....        (no ring)
Stlth   ++           (no ring)
HPRegen 0.25/turn    (no ring)
MPRegen 0.09/turn    (no ring)
                     (no ring)

%: no passive effects
@: resistant, gold aura, flying
A: almost no armour, amphibious, 8 rings, camouflage 1, gelatinous body 1,
(nimble swimmer 1), tentacles
a: Renounce Religion, Potion Petition, Call Merchant, Bribe Branch


You were on level 3 of the Dungeon.
You worshipped Gozag.
Gozag was aware of your devotion.
You visited 1 branch of the dungeon, and saw 3 of its levels.

You collected 103 gold pieces.

Inventory:

Hand Weapons
 a - a +0 war axe (weapon)
Missiles
 j - 18 poisoned darts
Armour
 b - a +0 buckler (worn)
Jewellery
 g - a ring of flight (left tentacle)
 n - a ring of see invisible (right tentacle)
Scrolls
 h - 4 scrolls of identify {unknown}
Potions
 c - 2 potions of might
 e - a potion of lignification {unknown}
 f - 3 potions of brilliance {unknown}
 k - a potion of curing {unknown}


   Skills:
 - Level 3.0 Fighting
 * Level 4.4 Axes
 * Level 3.0 Dodging
 * Level 0.6 Stealth
 * Level 3.0 Shields


You had 3 spell levels left.
You didn't know any spells.
Your spell library was empty.

Dungeon Overview and Level Annotations

Branches:
Dungeon (3/15)

Altars:
Gozag
Makhleb
Yredelemnul


Innate Abilities, Weirdness & Mutations

You cannot wear most types of armour.
You are amphibious.
You can wear up to eight rings at the same time.
Your skin changes colour to match your surroundings (Stealth+).
Your rubbery body absorbs attacks. (AC +1, EV +1)
((You are camouflaged when in or above water. (Stealth+)))
You have tentacles for arms and can constrict up to eight enemies at once.


Message History

The goblin unwields a +0 sling.
The goblin wields a +0 dagger.
The goblin hits you with a +0 dagger.
You closely miss the goblin. You grab the goblin. You constrict the goblin.
The orc priest invokes the aid of Beogh against you.
Beogh smites you! The goblin closely misses you.
Unknown command.
You release your grip on the goblin.
The goblin unwields a +0 dagger.
The goblin wields a +0 sling.
The goblin shoots a sling bullet.
The sling bullet closely misses you.
The orc priest mumbles some strange prayers to Beogh against you.
Beogh smites you!
* * * LOW HITPOINT WARNING * * *
The goblin shoots a sling bullet.
The sling bullet hits you.
* * * LOW HITPOINT WARNING * * *
The orc priest looks encouraged for a moment.
The orc wizard mumbles some strange words.
The orc wizard flickers and vanishes for a moment.
The orc priest is distracted by your dazzling golden aura.
Okay, then.
As you read the scroll labelled QOROERH KERESSI, it crumbles to dust.
It is a scroll of amnesia.
You feel forgetful for a moment.
As you read the scroll labelled RIOLESTUISU, it crumbles to dust.
The creatures around you are filled with an inner flame!
It was a scroll of immolation.
The air fills with toxic fumes!
As you read the scroll labelled RANYEZXUSCH, it crumbles to dust.
It was a scroll of poison.
The goblin unwields a +0 sling.
The goblin wields a +0 dagger.
The goblin hits you with a +0 dagger.
* * * LOW HITPOINT WARNING * * *
Unknown command.
It was a potion of resistance.
You feel protected. The goblin hits you with a +0 dagger.
* * * LOW HITPOINT WARNING * * *
You slash the goblin!
The goblin explodes!
The fiery explosion engulfs you! You resist.
You die...
Your body crumbles into a pile of gold.

....###.#####
###.........# §§§
#...#..#.##
#§##.........
#...#..#..#
#§##..........
#...#..#..#
#§##..........#
#...#..#..#
#§##...........#
#...#..#..#
#§##...........#
###[..#.....#
#§##..o........#
.........#..#
#@##.o.........#
..#.#.####..#
##§##.........<.#
............#
#§§§.g..........#
............#
#§§##...........#
#.#.#.......#
#§§#..........#.
).#.#.###.###
#§§#.#.###....#.#.#
#.#.........#
#§§#.#....$........
#.###.###.###
#§§#.#####..#.#.#.
#.#####
#.###.#..#........#.#
#


There were no monsters in sight!

Vanquished Creatures
  Terence (D:2)
  An adder (D:2)
  A worm (D:2)
  A dart slug (D:1)
  4 ball pythons
  3 bats
  5 endoplasms
  A giant cockroach (D:1)
  4 goblins
  4 hobgoblins
  2 jackals (D:1)
  4 kobolds
  A quokka (D:1)
  4 frilled lizards
  3 rats
  A spectral kobold (D:2)
40 creatures vanquished.

Notes
Turn   | Place    | Note
-------+----------+-------------------------------------------
     0 | D:1      | Kurtz the Octopode Fighter began the quest for the Orb.
     0 | D:1      | Reached XP level 1. HP: 16/16 MP: 1/1
   199 | D:1      | Reached XP level 2. HP: 21/21 MP: 2/2
   287 | D:1      | Reached skill level 3 in Axes
   875 | D:2      | Reached XP level 3. HP: 26/26 MP: 3/3
   946 | D:2      | Found a faded altar of an unknown god.
  1291 | D:2      | Noticed Terence
  1298 | D:2      | Killed Terence
  1299 | D:2      | Reached skill level 4 in Axes
  1299 | D:2      | Reached XP level 4. HP: 16/31 MP: 4/4
  1502 | D:2      | Prayed at the altar of an unknown god.
  1502 | D:2      | Became a worshipper of Gozag Ym Sagoz the Greedy
  1770 | D:3      | Found a basalt altar of Yredelemnul.
  1772 | D:3      | Found an opulent altar of Gozag.
  1774 | D:3      | Found a burning altar of Makhleb.
  2169 | D:3      | HP: 1/31 [goblin/+0 dagger (2)]
  2170 | D:3      | Killed by an exploding goblin... ignited by their inner
                  | flame

Illustrated notes

Levels and vault maps discovered:
D:1:      psy_arrival_basics, layout_basic
D:2:      layout_basic, dreamdust_ecumenical_altar_drowned_temple, uniq_terence
D:3:      layout_basic, grunt_temple_overflow_open, mainiacjoe_overflow_alcove_1

Skill      XL: |  1  2  3 |
---------------+----------+-----
Axes           | 3 4 |  4.4
Fighting       | |  3.0
Dodging        | |  3.0
Stealth        | |  0.6
Shields        | |  3.0

Action                     |  1- 3 |  4- 6 || total
---------------------------+-------+-------++-------
  Melee: War axe           |    48 |    26 ||    74
         Tentacles         |     6 |     3 ||     9
         Constrict         |     6 |     7 ||    13
    Use: Scroll            |       |     3 ||     3
         Potion            |       |     1 ||     1
   Stab: Sleeping          |     7 |     3 ||    10
 Armour: Skin              |    25 |    10 ||    35
  Dodge: Dodged            |    28 |    12 ||    40
  Block: Buckler           |     9 |     3 ||    12

Table legend: (Time is in decaauts)
 A = Elapsed time spent in this place.
 B = Non-inter-level travel time spent in this place.
 C = Inter-level travel time spent in this place.
 D = Time resting spent in this place.
 E = Time spent auto-exploring this place.
 F = Levels seen in this place.
 G = Mean time per level.
                   A        B        C        D        E       F      G
               +--------+--------+--------+--------+--------+-----+--------+
         Total |   2195 |   2067 |    128 |     58 |   1675 |   3 |  731.7 |
       Dungeon |   2195 |   2067 |    128 |     58 |   1675 |   3 |  731.7 |
               +--------+--------+--------+--------+--------+-----+--------+

Top non-repeatable levels by time:
     D:2: 918 daAuts
     D:1: 871 daAuts
     D:3: 405 daAuts
